 Dungeon Crawl Stone Soup version 0.26.0-15-gc6cd9f700b (webtiles) character file.

Game seed: 15781190727354600775

579 EnegeticOcto the Stinger (level 7, -3/51 HPs)
             Began as a Gnoll Venom Mage on Jan 16, 2021.
             Slain by a bullfrog (5 damage)
             ... on level 6 of the Dungeon.
             The game lasted 00:08:48 (1257 turns).

EnegeticOcto the Stinger (Gnoll Venom Mage)         Turns: 1257, Time: 00:08:49

Health: -3/51      AC:  4    Str: 11    XL:     7   Next: 36%
Magic:  2/15       EV: 15    Int: 19    God:
Gold:   67         SH: 10    Dex: 15    Spells: 5/17 levels left

rFire    . . .     SeeInvis .   n - +2 flail (holy)
rCold    . . .     Faith    .   c - +1 buckler (curse)
rNeg     . . .     Spirit   .   a - +0 robe
rPois    .         Reflect  +   (no helmet)
rElec    .         Harm     .   (no cloak)
rCorr    .         Rampage  .   r - +1 pair of gloves
Will     .....                  (no boots)
Stlth    ++++......             s - amulet of reflection
HPRegen  0.17/turn              q - ring of stealth
MPRegen  0.14/turn              (no ring)

@: no status effects
A: distributed training, fangs 1, strong nose
a: no special abilities


You were on level 6 of the Dungeon.
You visited 1 branch of the dungeon, and saw 6 of its levels.

You collected 249 gold pieces.
You spent 182 gold pieces at shops.

Inventory:

Hand Weapons
 f - a +0 quarterstaff
   (You found it on level 3 of the Dungeon)
 n - a +2 flail of holy wrath (weapon)
   (You took it off Edmund on level 6 of the Dungeon)
Armour
 a - a +0 robe (worn)
 c - a cursed +1 buckler (worn)
   (You found it on level 1 of the Dungeon)
 o - a +3 ring mail of fire resistance
   (You took it off Edmund on level 6 of the Dungeon)
 p - the +5 chain mail "Ohepiymumm" {+Fly rC- Will- SInv}
   (You found it on level 5 of the Dungeon)

   It makes you vulnerable to cold.
   It affects your willpower, your defense against some magical effects.
   It lets you see invisible.
   It lets you fly.
 r - a +1 pair of gloves (worn)
   (You found it on level 5 of the Dungeon)
Jewellery
 q - a ring of stealth (left hand)
   (You found it on level 5 of the Dungeon)
 s - an amulet of reflection (around neck)
   (You bought it in a shop on level 5 of the Dungeon)
Wands
 k - a wand of acid (7) {@v1}
   (You found it on level 5 of the Dungeon)
Scrolls
 d - a scroll of blinking {@r4}
 e - a scroll of remove curse {@r2}
 g - 2 scrolls of teleportation {@r3 !r}
Potions
 b - 2 potions of curing {@q1 !q}
 h - 2 potions of brilliance {unknown}
 i - 3 potions of lignification {@q6}
 m - 3 potions of heal wounds {@q2 !q}


   Skills:
 + Level 2.4 Fighting
 + Level 2.4 Short Blades
 + Level 2.4 Long Blades
 + Level 2.4 Axes
 + Level 2.4 Maces & Flails
 + Level 2.4 Polearms
 + Level 2.4 Staves
 + Level 2.4 Slings
 + Level 2.4 Bows
 + Level 2.4 Crossbows
 + Level 2.4 Throwing
 + Level 2.4 Armour
 + Level 5.2 Dodging
 + Level 4.9 Stealth
 + Level 2.4 Shields
 + Level 2.4 Unarmed Combat
 + Level 5.6 Spellcasting
 + Level 2.0 Conjurations
 + Level 2.0 Hexes
 + Level 2.0 Summonings
 + Level 2.0 Necromancy
 + Level 2.0 Translocations
 + Level 2.9 Transmutations
 + Level 2.0 Fire Magic
 + Level 2.0 Ice Magic
 + Level 2.0 Air Magic
 + Level 2.0 Earth Magic
 + Level 5.8 Poison Magic
 + Level 2.7 Invocations
 + Level 2.4 Evocations


You had 5 spell levels left.
You knew the following spells:

 Your Spells              Type           Power        Failure   Level
a - Ignite Poison         Fire/Tmut/Pois 19%          10%         3
b - Poisonous Vapours     Pois/Air       40%          4%          2
c - Mephitic Cloud        Conj/Pois/Air  17%          11%         3
d - Olgreb's Toxic Radia  Pois           27%          13%         4

Your spell library contained the following spells:

 Spells                   Type           Power        Failure   Level
 Sting                    Tmut/Pois      88%          2%          1


Dungeon Overview and Level Annotations

Branches:
Dungeon (6/15)
 Temple: D:4-7

Altars:
Nemelex Xobeh
Xom

Shops:
D:5 *

Annotations:
D:5 Dowan, Duvessa


Innate Abilities, Weirdness & Mutations

Your experience applies equally to all skills.
You have very sharp teeth.
Your uncanny sense of smell can sniff out nearby items.


Message History

You barely miss Blork the orc.
Blork the orc is lightly wounded.
You block Blork the orc's attack.
You barely miss Blork the orc. Your bite misses Blork the orc.
Blork the orc is lightly wounded.
Blork the orc misses you. You block Blork the orc's attack.
You hit Blork the orc.
You bite Blork the orc, but do no damage.
Blork the orc is moderately wounded.
You feel sick.
You are no longer poisoned.
Blork the orc looks more healthy.
Blork the orc barely misses you.
You sock Blork the orc!
Blork the orc is heavily wounded.
You block Blork the orc's attack.
You hit Blork the orc.
Blork the orc is severely wounded.
Blork the orc hits you with a +0 trident!
You hit Blork the orc but do no damage.
Blork the orc is severely wounded.
Blork the orc casts a spell at you. The puff of frost hits you!
* * * LOW HITPOINT WARNING * * *
Blork the orc closely misses you.
Casting: Poisonous Vapours (safe; 4% risk of failure)
Confirm with . or Enter, or press ? or * to list all spells.
Aiming: Poisonous Vapours (safe; 4% risk of failure)
Press: ? - help, Dir - move target, f/p - Blork the orc
Aim: Blork the orc, wielding a +0 trident and wearing a +0 robe (severely wounded) Poisonous vapours surround Blork the orc!
Evoke which item? (* to show all) (? for menu, Esc to quit)
Aiming: Corrosive Bolt
Press: ? - help, Shift-Dir - straight line, f/p - Blork the orc
Aim: Blork the orc, wielding a +0 trident and wearing a +0 robe (severely wounded, 25% to evade)
The bolt of acid hits Blork the orc!
Blork the orc is splashed with acid.
You kill Blork the orc!
Your Conjurations skill increases to level 2!
Your Hexes skill increases to level 2!
Your Summonings skill increases to level 2!
Your Necromancy skill increases to level 2!
Your Translocations skill increases to level 2!
Your Fire Magic skill increases to level 2!
Your Ice Magic skill increases to level 2!
Your Air Magic skill increases to level 2!
Your Earth Magic skill increases to level 2!
Things that are here:
a +0 trident; a +0 robe
t - a scroll of identify {@r1}
As you read the scroll of identify {@r1}, it crumbles to dust.
b - 2 potions of curing
As you read the scroll labelled COUMUSCH TIORGH, it crumbles to dust.
The air around you briefly surges with heat, but it dissipates.
It was a scroll of immolation.
Your magical contamination has completely faded away.
As you read the scroll labelled MISMEXZEAG, it crumbles to dust.
Your body is wracked with pain!
* * * LOW HITPOINT WARNING * * *
It was a scroll of torment.
Found 15 gold pieces.
You now have 67 gold pieces (gained 15).
You see here 27 stones.
Found 15 stones and 25 arrows.
A bullfrog comes into view.
You see here 15 stones.
Casting: Poisonous Vapours (safe; 4% risk of failure)
Confirm with . or Enter, or press ? or * to list all spells.
Aiming: Poisonous Vapours (safe; 4% risk of failure)
Press: ? - help, Dir - move target, f - bullfrog
Aim: a bullfrog (asleep) Poisonous vapours surround the bullfrog!
The bullfrog croaks.
The bullfrog is engulfed in poison gas.
The bullfrog is poisoned.
You see here 25 arrows.
You hit the bullfrog.
The bullfrog is moderately wounded.
The bullfrog barely misses you. The bullfrog closely misses you.
You miss the bullfrog.
The bullfrog is heavily wounded.
The bullfrog hits you.
* * * LOW HITPOINT WARNING * * *
The bullfrog hits you.
* * * LOW HITPOINT WARNING * * *
You hit the bullfrog.
The bullfrog is heavily wounded.
The bullfrog hits you but does no damage.
Casting: Poisonous Vapours (safe; 4% risk of failure)
Confirm with . or Enter, or press ? or * to list all spells.
Aiming: Poisonous Vapours (safe; 4% risk of failure)
Press: ? - help, Dir - move target, f/p - bullfrog
Aim: a bullfrog (heavily wounded, poisoned) Poisonous vapours surround the bullfrog!
The bullfrog is engulfed in poison gas.
The bullfrog looks even sicker.
The bullfrog barely misses you.
The bullfrog is engulfed in poison gas.
The bullfrog looks even sicker.
You block the bullfrog's attack.
You completely miss the bullfrog.
The bullfrog is severely wounded.
You block the bullfrog's attack. The bullfrog hits you.
* * * LOW HITPOINT WARNING * * *
The bullfrog hits you.
You die...

. #...# ########. #...#
#.......#.# #...#
#.......# . #...######
#.......# .## #.........
#.......# ..# #.).......
#.......# #.## #.........
#......F###..# #.........
#####+#.@(...###.########
#.###...##.# ### #.#.##.#
#.#.##.# # #.#.##.######
#.#....#......#
#.####(#.####.#
#........#..#.#
###...)..#..#.#


You could see a bullfrog (very poisoned).

Vanquished Creatures
  Grinder (D:5)
  Edmund (D:6)
  An ogre (D:4)
  Blork the orc (D:6)
  2 worker ants (D:5)
  A gnoll (D:4)
  3 adders
  A shadow imp (D:5)
  A white imp (D:5)
  An orc (D:3)
  2 bats
  A giant cockroach (D:4)
  A goblin (D:2)
  A hobgoblin (D:1)
  A kobold (D:3)
  3 frilled lizards
  A rat (D:1)
23 creatures vanquished.

Notes
Turn   | Place    | Note
-------+----------+-------------------------------------------
     0 | D:1      | EnegeticOcto the Gnoll Venom Mage began the quest for the
                  | Orb.
     0 | D:1      | Reached XP level 1. HP: 13/13 MP: 6/6
   158 | D:1      | Reached skill level 2 in Transmutations
   254 | D:3      | Reached XP level 2. HP: 19/19 MP: 5/7
   260 | D:3      | Learned a level 2 spell: Poisonous Vapours
   329 | D:3      | Reached skill level 5 in Spellcasting
   329 | D:3      | Reached XP level 3. HP: 8/25 MP: 0/9
   333 | D:3      | Found a shimmering altar of Xom.
   370 | D:4      | Learned a level 3 spell: Mephitic Cloud
   400 | D:5      | Entered Level 5 of the Dungeon
   405 | D:5      | Reached skill level 1 in Fighting
   405 | D:5      | Reached skill level 1 in Short Blades
   405 | D:5      | Reached skill level 1 in Long Blades
   405 | D:5      | Reached skill level 1 in Axes
   405 | D:5      | Reached skill level 1 in Maces & Flails
   405 | D:5      | Reached skill level 1 in Polearms
   405 | D:5      | Reached skill level 1 in Staves
   405 | D:5      | Reached skill level 1 in Slings
   405 | D:5      | Reached skill level 1 in Bows
   405 | D:5      | Reached skill level 1 in Crossbows
   405 | D:5      | Reached skill level 1 in Throwing
   405 | D:5      | Reached skill level 1 in Armour
   405 | D:5      | Reached skill level 1 in Shields
   405 | D:5      | Reached skill level 1 in Unarmed Combat
   405 | D:5      | Reached skill level 1 in Invocations
   405 | D:5      | Reached skill level 1 in Evocations
   420 | D:5      | Found Beclip's Assorted Antiques.
   435 | D:5      | Reached XP level 4. HP: 12/32 MP: 1/11
   440 | D:5      | Learned a level 4 spell: Olgreb's Toxic Radiance
   447 | D:5      | Bought a scroll labelled QOIRIB EHOMOEV for 26 gold pieces
   447 | D:5      | Bought a scroll labelled PIODGH IWNU for 26 gold pieces
   555 | D:4      | Noticed an ogre
   573 | D:4      | Killed an ogre
   574 | D:4      | Reached skill level 1 in Conjurations
   574 | D:4      | Reached skill level 1 in Hexes
   574 | D:4      | Reached skill level 1 in Summonings
   574 | D:4      | Reached skill level 1 in Necromancy
   574 | D:4      | Reached skill level 1 in Translocations
   574 | D:4      | Reached skill level 1 in Fire Magic
   574 | D:4      | Reached skill level 1 in Ice Magic
   574 | D:4      | Reached skill level 1 in Air Magic
   574 | D:4      | Reached skill level 1 in Earth Magic
   574 | D:4      | Reached XP level 5. HP: 30/37 MP: 7/12
   584 | D:4      | Learned a level 3 spell: Ignite Poison
   926 | D:6      | Noticed Edmund
   933 | D:6      | Killed Edmund
   934 | D:6      | Reached skill level 2 in Fighting
   934 | D:6      | Reached skill level 2 in Short Blades
   934 | D:6      | Reached skill level 2 in Long Blades
   934 | D:6      | Reached skill level 2 in Axes
   934 | D:6      | Reached skill level 2 in Maces & Flails
   934 | D:6      | Reached skill level 2 in Polearms
   934 | D:6      | Reached skill level 2 in Staves
   934 | D:6      | Reached skill level 2 in Slings
   934 | D:6      | Reached skill level 2 in Bows
   934 | D:6      | Reached skill level 2 in Crossbows
   934 | D:6      | Reached skill level 2 in Throwing
   934 | D:6      | Reached skill level 2 in Armour
   934 | D:6      | Reached skill level 5 in Dodging
   934 | D:6      | Reached skill level 2 in Shields
   934 | D:6      | Reached skill level 2 in Unarmed Combat
   934 | D:6      | Reached skill level 2 in Invocations
   934 | D:6      | Reached skill level 2 in Evocations
   934 | D:6      | Reached XP level 6. HP: 40/44 MP: 2/14
  1016 | D:5      | Noticed Grinder
  1019 | D:5      | Paralysed by Grinder for 6 turns
  1020 | D:5      | Killed Grinder
  1021 | D:5      | Reached XP level 7. HP: 51/51 MP: 8/15
  1041 | D:5      | Got a black opal-encrusted chain mail
  1051 | D:5      | Identified the +5 chain mail "Ohepiymumm" {+Fly rC- Will-
                  | SInv} (You found it on level 5 of the Dungeon)
  1110 | D:5      | Bought a twisted jade amulet for 130 gold pieces
  1183 | D:5      | Found a sparkling altar of Nemelex Xobeh.
  1195 | D:5      | Noticed Duvessa
  1199 | D:5      | Noticed Dowan
  1204 | D:5      | You fall into a shaft and drop 1 floor!
  1204 | D:6      | Noticed Blork the orc
  1215 | D:6      | Killed Blork the orc
  1216 | D:6      | Reached skill level 2 in Conjurations
  1216 | D:6      | Reached skill level 2 in Hexes
  1216 | D:6      | Reached skill level 2 in Summonings
  1216 | D:6      | Reached skill level 2 in Necromancy
  1216 | D:6      | Reached skill level 2 in Translocations
  1216 | D:6      | Reached skill level 2 in Fire Magic
  1216 | D:6      | Reached skill level 2 in Ice Magic
  1216 | D:6      | Reached skill level 2 in Air Magic
  1216 | D:6      | Reached skill level 2 in Earth Magic
  1256 | D:6      | HP: 2/51 [bullfrog (6)]
  1257 | D:6      | Slain by a bullfrog

Illustrated notes

Levels and vault maps discovered:
D:1:      ebering_trefoil_3fold, layout_basic, ebering_dispersal_statue_hall,
          minmay_misc_feat_cross, doesnt_xom_only_xom
D:2:      layout_loops_corners, gammafunk_temple_overflow_pools,
          grunt_decor_one_mirror, uniq_natasha
D:3:      layout_basic, old_standard_altar
D:4:      layout_gridville, lemuel_crystal_altar, skrybe_limestone_x
D:5:      layout_rooms, kennysheep_mini, serial_shops, nicolae_shop_waterfront,
          uniq_grinder, uniq_duvessa
D:6:      layout_basic, temple_statues, uniq_edmund, uniq_blork_the_orc

Skill      XL: |  1  2  3  4  5  6  7 |
---------------+----------------------+-----
Transmutations | 2 |  2.9
Spellcasting   | 5 |  5.6
Fighting       | 1 2 |  2.4
Short Blades   | 1 2 |  2.4
Long Blades    | 1 2 |  2.4
Axes           | 1 2 |  2.4
Maces & Flails | 1 2 |  2.4
Polearms       | 1 2 |  2.4
Staves         | 1 2 |  2.4
Slings         | 1 2 |  2.4
Bows           | 1 2 |  2.4
Crossbows      | 1 2 |  2.4
Throwing       | 1 2 |  2.4
Armour         | 1 2 |  2.4
Shields        | 1 2 |  2.4
Unarmed Combat | 1 2 |  2.4
Invocations    | 1 2 |  2.7
Evocations     | 1 2 |  2.4
Conjurations   | 1 2 |  2.0
Hexes          | 1 2 |  2.0
Summonings     | 1 2 |  2.0
Necromancy     | 1 2 |  2.0
Translocations | 1 2 |  2.0
Fire Magic     | 1 2 |  2.0
Ice Magic      | 1 2 |  2.0
Air Magic      | 1 2 |  2.0
Earth Magic    | 1 2 |  2.0
Dodging        | 5 |  5.2
Stealth        | |  4.9
Poison Magic   | |  5.8

Action                   |  1- 3 |  4- 6 |  7- 9 || total
-------------------------+-------+-------+-------++-------
Melee: Quarterstaff      |     5 |    14 |       ||    19
       Bite              |       |     1 |     1 ||     2
       Flail             |       |     1 |    11 ||    12
 Cast: Sting             |    27 |       |       ||    27
       Poisonous Vapours |     3 |    13 |     5 ||    21
       Ignite Poison     |       |     2 |       ||     2
       Mephitic Cloud    |       |     1 |       ||     1
Evoke: Wand              |       |       |     1 ||     1
  Use: Potion            |     1 |       |       ||     1
       Scroll            |       |     9 |     3 ||    12
Armor: Robe              |     1 |     3 |     1 ||     5
Dodge: Dodged            |    13 |    17 |     7 ||    37
Block: Buckler           |       |       |     6 ||     6
